 Dungeon Crawl Stone Soup version 0.21.1-1-g345015fe64 (webtiles) character file.

65 Bapho the Slasher (level 3, -1/33 HPs)
             Began as a Draconian Berserker on June 27, 2018.
             Was a Follower of Trog.
             Slain by Sigmund
             ... wielding a +0 scythe
              (2 damage)
             ... on level 2 of the Dungeon.
             The game lasted 00:02:03 (1342 turns).

Bapho the Slasher (Draconian Berserker)             Turns: 1342, Time: 00:02:04

Health: -1/33      AC:  5    Str: 19    XL:     3   Next: 94%
Magic:  3/3        EV: 13    Int:  7    God:    Trog [*.....]
Gold:   102        SH:  0    Dex: 11    Spells: 2/2 levels left

rFire    . . .     SeeInvis .   a - +0 falchion
rCold    . . .     Gourm    .   (no shield)
rNeg     . . .     Faith    .   (armour unavailable)
rPois    .         Spirit   .   (helmet restricted)
rElec    .         Reflect  .   (no cloak)
rCorr    .         Harm     .   (no gloves)
MR       .....                  (no boots)
Stlth    +.........             (no amulet)
HPRegen  0.11/turn              (no ring)
MPRegen  0.08/turn              (no ring)

@: no status effects
A: unfitting armour, cold-blooded, AC +5
a: Berserk, Burn Spellbooks, Renounce Religion


You were on level 2 of the Dungeon.
You worshipped Trog.
Trog was aware of your devotion.
You were not hungry.

You visited 1 branch of the dungeon, and saw 2 of its levels.

You collected 102 gold pieces.

Inventory:

Hand Weapons
 a - a +0 falchion (weapon)
Missiles
 d - 46 stones (quivered)
Scrolls
 c - a scroll of random uselessness {unknown}
 e - a scroll of amnesia {unknown}
 f - 2 scrolls of enchant armour {unknown}
 g - 3 scrolls of identify {unknown}
 h - a scroll of noise {unknown}
 i - 2 scrolls of teleportation {unknown}
Comestibles
 b - 4 rations
 j - 3 chunks of flesh


   Skills:
 + Level 3.9 Fighting
 * Level 4.0 Long Blades
 + Level 3.2 Dodging


You had 2 spell levels left.
You didn't know any spells.

Dungeon Overview and Level Annotations

Branches:
Dungeon (2/15)

Altars:
Okawaru

Annotations:
D:2 Sigmund


Innate Abilities, Weirdness & Mutations

Your plain brown scales are hard. (AC +5)
You cannot fit into any form of body armour.
You are cold-blooded and may be slowed by cold attacks.


Message History

Sigmund hits you but does no damage. Sigmund casts a spell at you.
You are more confused.
You bump into the metal wall.
Sigmund says, "Don't worry, I'll kill you fast."
Sigmund hits you from afar with a scythe.
Sigmund hits you from afar with a scythe.
Sigmund hits you from afar with a scythe.
You're too confused to move!
Sigmund mumbles some strange words.
Sigmund flickers and vanishes!
Deactivating autopickup; reactivate with Ctrl-A.
Something hits you! Something hits you.
You feel less confused. Something hits you!
* * * LOW HITPOINT WARNING * * *
There is an open door here.
You close the door.
Something unseen opens the door.
Something hits you.
You die...

....)...#.....##..... .#
........#####.#>..... ..<.....#
####..... ........# ....##8...8
........#.....# ##8##
........#.....# ###########
........#.....# #.........# ..
...######.....####.........# ...
...'............@'.........+ ....
...###.....#######.....(...##....
...###.....# #...............
...#.......### ###..........#...
...+.......'.# #...........###...
...#.......#.# #.................
..##......##.# #.........#.)...#.
..##......##.###........##.._..#
..........##......#......#.).).#


There were no monsters in sight!

Vanquished Creatures
  Terence (D:2)
  2 adders (D:2)
  A dart slug (D:2)
  2 leopard geckos
  2 goblins (D:1)
  3 hobgoblins (D:2)
  2 bats (D:1)
  2 frilled lizards (D:1)
  2 kobolds
  4 rats
21 creatures vanquished.

Notes
Turn   | Place    | Note
-------+----------+-------------------------------------------
     0 | D:1      | Bapho the Draconian Berserker began the quest for the Orb.
     0 | D:1      | Reached XP level 1. HP: 19/19 MP: 1/1
   333 | D:1      | Reached XP level 2. HP: 20/26 MP: 2/2
   826 | D:2      | Noticed Terence
   844 | D:2      | Killed Terence
   844 | D:2      | Reached XP level 3. HP: 11/33 MP: 3/3
  1238 | D:2      | Reached skill level 4 in Long Blades
  1311 | D:2      | Found an iron altar of Okawaru.
  1312 | D:2      | Noticed Sigmund
  1339 | D:2      | HP: 1/33 [something (9)]
  1342 | D:2      | Slain by Sigmund

Skill      XL: |  1  2  3 |
---------------+----------+-----
Dodging        | 3 |  3.2
Long Blades    | 4 |  4.0
Fighting       | |  3.9

Action                   || total
-------------------------++-------
Melee: Falchion          ||    57
       Tailslap          ||     8
Throw: Stone             ||    39
Invok: Berserk           ||     1
  Eat: Chunk             ||     2
Armor: Skin              ||    12
Dodge: Dodged            ||    31
       Rpst.: Falchion   ||    12
